[Event "42nd Olympiad Baku 2016 Open"]
[Site "Baku"]
[Date "2016.09.05"]
[Round "4.13"]
[White "Duda, Jan-Krzysztof"]
[Black "Djukic, Nikola"]
[Result "1-0"]
[ECO "B94"]
[WhiteElo "2675"]
[BlackElo "2534"]
[Annotator ""]
[PlyCount "73"]
[EventDate "2016.??.??"]
[EventCountry "AZE"]
[SourceTitle "playchess.com"]
[Source "ChessBase"]
[WhiteTeam "Poland"]
[BlackTeam "Montenegro"]
[WhiteTeamCountry "POL"]
[BlackTeamCountry "MNE"]
[TimeControl "40/5400+30:1800+30"]

1. e4 {(00:00)} c5 {(00:00)} 2. Nf3 {(00:00)} d6 {(
00:00)} 3. d4 {(00:16)} cxd4 {(00:00)} 4. Nxd4 {(00:06)}
Nf6 {(00:00)} 5. Nc3 {(00:07)} a6 {(00:00)} 6. Bg5 {
(00:34)} Nbd7 {(00:03)} 7. Bc4 {(00:31)} Qb6 {(01:
05)} 8. Bb3 {(00:28)} e6 {(00:32)} 9. Qd2 {(01:03)} Be7 {
(00:06)} 10. O-O-O {(00:40)} Nc5 {(00:10)} 11. Qe2 {
(15:50)} h6 {(14:04)} 12. Bh4 {(00:59)} Qa5 {(33:
18)} 13. Kb1 {(03:45)} Nxb3 {(05:35)} 14. axb3 {(05:32)}
Qh5 {(08:53)} 15. Nf3 {(03:28)} b5 {(04:35)} 16. Bxf6 {
(01:43)} gxf6 {(00:35)} 17. Rhe1 {(01:01)} Rg8 {(
08:53)} 18. Rd3 {(02:02)} Bb7 {(06:43)} 19. Nd5 {(01:50)}
Bd8 {(00:23)} 20. Nf4 {(07:47)} Qc5 {(03:25)} 21. Nd4 {
(02:16)} Qe5 {(02:04)} 22. Qd2 {(03:04)} Kd7 {(03:
41)} 23. b4 {(02:48)} Bxe4 {(04:21)} 24. Nf3 {(11:30)} Qf5
{(00:08)} 25. Rxd6+ {(00:09)} Kc8 {(00:38)} 26. Nd4 {
(05:15)} Qh7 {(00:06)} 27. Qc3+ {(04:15)} Bc7 {(00:
07)} 28. f3 {(00:10)} Bb7 {(00:22)} 29. Rd1 {(01:26)} Ra7
{(02:20)} 30. Rd7 {(01:32)} Kxd7 {(01:16)} 31. Ndxe6+ {
(01:47)} Bd5 {(00:10)} 32. Nxd5 {(01:21)} Kxe6 {(
00:11)} 33. Qxf6+ {(00:22)} Kd7 {(00:05)} 34. Nb6+ {(00:
10)} Ke8 {(00:07)} 35. Re1+ {(00:04)} Be5 {(00:11)} 36.
Rxe5+ {(00:04)} Kf8 {(00:05)} 37. Rd5 {(00:06)} 1-0

[Event "42nd Olympiad Baku 2016 Open"]
[Site "Baku"]
[Date "2016.09.05"]
[Round "4.7"]
[White "Dzhumaev, Marat"]
[Black "Flores, Diego"]
[Result "0-1"]
[ECO "B40"]
[WhiteElo "2450"]
[BlackElo "2595"]
[Annotator ""]
[PlyCount "88"]
[EventDate "2016.??.??"]
[EventCountry "AZE"]
[SourceTitle "playchess.com"]
[Source "ChessBase"]
[WhiteTeam "Uzbekistan"]
[BlackTeam "Argentina"]
[WhiteTeamCountry "UZB"]
[BlackTeamCountry "ARG"]
[TimeControl "40/5400+30:1800+30"]

1. e4 {(00:00)} c5 {(00:08)} 2. Nf3 {(00:00)} e6 {(
00:12)} 3. Nc3 {(00:11)} a6 {(00:21)} 4. g3 {(01:07)} b5 {
(00:28)} 5. Bg2 {(00:10)} Bb7 {(00:09)} 6. d3 {(00:
12)} d6 {(03:39)} 7. O-O {(01:19)} Nd7 {(01:11)} 8. Nd2 {
(15:16)} b4 {(12:04)} 9. Ne2 {(00:23)} Ngf6 {(04:
22)} 10. c3 {(01:31)} Rb8 {(08:52)} 11. cxb4 {(17:59)}
cxb4 {(00:39)} 12. d4 {(00:06)} Be7 {(01:30)} 13. d5 {
(01:07)} exd5 {(08:55)} 14. exd5 {(00:22)} O-O {(
21:57)} 15. Nc4 {(09:39)} Rc8 {(09:21)} 16. Ne3 {(02:40)}
Rc5 {(03:36)} 17. b3 {(06:10)} Nb6 {(07:13)} 18. Nf4 {
(00:44)} Nfd7 {(02:30)} 19. Nf5 {(01:35)} Bf6 {(00:
26)} 20. Be3 {(00:31)} Be5 {(04:46)} 21. Bxc5 {(06:40)}
Nxc5 {(00:27)} 22. Rc1 {(01:55)} Qf6 {(03:35)} 23. Ne3 {
(00:17)} Bxf4 {(00:05)} 24. gxf4 {(00:15)} Qxf4 {(
00:31)} 25. Re1 {(16:46)} a5 {(00:59)} 26. Rc2 {(01:56)}
Ba6 {(01:02)} 27. Rd2 {(01:23)} Nbd7 {(00:47)} 28. Rd4 {
(00:20)} Qf6 {(00:14)} 29. f4 {(09:54)} Re8 {(02:
26)} 30. Nc2 {(01:34)} Rc8 {(01:53)} 31. Ne3 {(02:46)} Re8
{(00:21)} 32. Qd2 {(00:23)} Nf8 {(00:30)} 33. Nc2 {
(00:28)} Rc8 {(00:19)} 34. Ne3 {(00:40)} h5 {(00:
23)} 35. Bf1 {(00:21)} Bb7 {(01:01)} 36. Nc4 {(00:18)} Ng6
{(00:13)} 37. Nxa5 {(00:47)} Nh4 {(00:01)} 38. Re3 {
(00:17)} Nf5 {(00:18)} 39. Ree4 {(00:53)} Bxd5 {(
01:19)} 40. Rxd5 {(00:00)} Nxe4 {(00:00)} 41. Qg2 {(03:07]
} Rc1 {(08:07)} 42. Nc4 {(00:06)} Qe6 {(01:10)} 43. Rd3 {
(01:34)} d5 {(01:40)} 44. Ne5 {(00:29)} Qb6+ {(00:
13)} 0-1

[Event "42nd Olympiad Baku 2016 Open"]
[Site "Baku"]
[Date "2016.09.05"]
[Round "4.11"]
[White "Ebeling, Daniel"]
[Black "Schenaoui Nabil"]
[Result "1-0"]
[ECO "B07"]
[WhiteElo "2468"]
[BlackElo "2150"]
[Annotator ""]
[PlyCount "73"]
[EventDate "2016.??.??"]
[EventCountry "AZE"]
[SourceTitle "playchess.com"]
[Source "ChessBase"]
[WhiteTeam "Finland"]
[BlackTeam "Tunisia"]
[WhiteTeamCountry "FIN"]
[BlackTeamCountry "TUN"]
[TimeControl "40/5400+30:1800+30"]

1. e4 {(00:00)} d6 {(00:02)} 2. d4 {(00:00)} Nf6 {(
00:09)} 3. Nc3 {(00:00)} Nbd7 {(00:29)} 4. f4 {(00:04)} e5
{(02:41)} 5. Nf3 {(00:09)} exd4 {(01:27)} 6. Qxd4 {
(00:07)} c6 {(02:09)} 7. Be3 {(00:09)} d5 {(04:31)}
8. exd5 {(00:08)} Bc5 {(00:10)} 9. Qd3 {(00:12)} Qe7 {
(00:47)} 10. Nd4 {(00:15)} Nb6 {(01:36)} 11. dxc6 {
(00:17)} bxc6 {(00:33)} 12. O-O-O {(00:17)} O-O {(
14:44)} 13. Bg1 {(00:52)} Qc7 {(04:26)} 14. g3 {(00:08)}
Bd7 {(12:02)} 15. Nb3 {(15:57)} Bxg1 {(07:25)} 16. Rxg1 {
(00:24)} Nfd5 {(00:37)} 17. Qd4 {(17:18)} Rfe8 {(
05:22)} 18. Bd3 {(01:51)} a5 {(06:55)} 19. a3 {(05:17)}
Nxc3 {(04:02)} 20. Qxc3 {(00:44)} Nd5 {(00:35)} 21. Bxh7+
{(01:48)} Kxh7 {(01:26)} 22. Rxd5 {(00:07)} Be6 {(
01:46)} 23. Rxa5 {(06:42)} Rab8 {(00:56)} 24. Rh5+ {(06:
10)} Kg8 {(00:17)} 25. Nc5 {(00:24)} Qb6 {(02:49)} 26. Rg5
{(04:34)} g6 {(00:08)} 27. Rd1 {(00:38)} Rbd8 {(01:
13)} 28. Rxd8 {(04:25)} Rxd8 {(01:32)} 29. b4 {(04:16)}
Bc8 {(04:26)} 30. Qf6 {(02:25)} Re8 {(00:46)} 31. f5 {
(02:19)} Re1+ {(00:49)} 32. Kb2 {(03:23)} Rf1 {(00:
16)} 33. h4 {(08:42)} Bxf5 {(00:42)} 34. h5 {(03:42)} Bh3
{(03:51)} 35. Qd4 {(02:02)} Qc7 {(07:42)} 36. h6 {(
03:18)} f6 {(01:16)} 37. Rxg6+ {(00:10)} 1-0

[Event "42nd Olympiad Baku 2016 Open"]
[Site "Baku"]
[Date "2016.09.05"]
[Round "4.25"]
[White "Eichab, Charles"]
[Black "Mphungu Gerrard"]
[Result "0-1"]
[ECO "A15"]
[WhiteElo "2070"]
[BlackElo "2034"]
[Annotator ""]
[PlyCount "108"]
[EventDate "2016.??.??"]
[EventCountry "AZE"]
[SourceTitle "playchess.com"]
[Source "ChessBase"]
[WhiteTeam "Namibia"]
[BlackTeam "MAW"]
[WhiteTeamCountry "NAM"]
[TimeControl "40/5400+30:1800+30"]

1. c4 {(00:00)} Nf6 {(00:00)} 2. g3 {(00:15)} c6 {(
01:09)} 3. Nf3 {(01:38)} d5 {(00:54)} 4. Bg2 {(00:06)} Bf5
{(02:11)} 5. O-O {(08:00)} e6 {(02:15)} 6. b3 {(01:
57)} Be7 {(07:50)} 7. Bb2 {(02:38)} O-O {(01:44)} 8. d3 {
(00:31)} h6 {(05:04)} 9. Nbd2 {(01:10)} Qb6 {(18:
10)} 10. Rc1 {(07:06)} Rd8 {(05:31)} 11. cxd5 {(06:52)}
exd5 {(03:29)} 12. Nd4 {(05:58)} Bh7 {(09:21)} 13. Bh3 {
(03:43)} Nbd7 {(06:25)} 14. Nf5 {(07:18)} Bf8 {(06:
48)} 15. Nf3 {(03:12)} Bxf5 {(04:27)} 16. Bxf5 {(00:07)}
g6 {(00:08)} 17. Bh3 {(01:48)} Bg7 {(00:04)} 18. Qd2 {
(03:49)} a5 {(01:24)} 19. Bd4 {(10:47)} Qb4 {(02:
22)} 20. Bc3 {(08:06)} Qb6 {(00:17)} 21. Rc2 {(01:55)} Re8
{(01:32)} 22. Qc1 {(01:36)} Qd8 {(00:31)} 23. Re1 {
(05:56)} Kh7 {(00:27)} 24. Qf4 {(00:32)} Nh5 {(02:
32)} 25. Qd6 {(04:55)} Bxc3 {(01:10)} 26. Rxc3 {(00:15)}
Ne5 {(01:09)} 27. Qxe5 {(06:48)} Rxe5 {(00:22)} 28. Nxe5 {
(00:05)} Qe7 {(06:06)} 29. Nf3 {(02:27)} a4 {(03:
15)} 30. bxa4 {(02:02)} Rxa4 {(00:23)} 31. Rc2 {(00:40)}
Ng7 {(00:40)} 32. Rb1 {(01:29)} Rb4 {(02:00)} 33. Rbc1 {
(01:01)} Qf6 {(01:35)} 34. d4 {(01:17)} Ne8 {(01:
00)} 35. Kg2 {(00:51)} Nd6 {(00:17)} 36. e3 {(00:25)} h5 {
(01:38)} 37. Ne5 {(00:31)} Qe7 {(01:05)} 38. Kg1 {(
00:30)} Qd8 {(01:39)} 39. Nd3 {(00:25)} Rb5 {(00:29)} 40.
Bf1 {(00:00)} Qb6 {(00:00)} 41. Kg2 {(03:16)} Kg7 {
(06:52)} 42. Be2 {(01:11)} Rb1 {(00:44)} 43. a4 {(
17:14)} Nc4 {(04:43)} 44. Nc5 {(05:22)} Rxc1 {(01:21)} 45.
Rxc1 {(00:01)} Qb2 {(00:31)} 46. Rxc4 {(01:09)} dxc4 {
(01:23)} 47. Bxc4 {(00:01)} b6 {(04:15)} 48. Nd7 {(
00:49)} Qb4 {(00:37)} 49. Be2 {(00:26)} c5 {(02:30)} 50.
dxc5 {(05:14)} bxc5 {(01:06)} 51. Ne5 {(00:59)} Qe4+ {
(00:10)} 52. Nf3 {(00:07)} c4 {(00:11)} 53. Kf1 {(
01:22)} c3 {(00:36)} 54. Ke1 {(00:23)} Qb1+ {(00:12)} 0-1

[Event "42nd Olympiad Baku 2016 Open"]
[Site "Baku"]
[Date "2016.09.05"]
[Round "4.2"]
[White "El Jawich, Amro"]
[Black "Bello, Gassan"]
[Result "1-0"]
[ECO "B76"]
[WhiteElo "2260"]
[BlackElo "2096"]
[Annotator ""]
[PlyCount "47"]
[EventDate "2016.??.??"]
[EventCountry "AZE"]
[SourceTitle "playchess.com"]
[Source "ChessBase"]
[WhiteTeam "Lebanon"]
[BlackTeam "Syria"]
[WhiteTeamCountry "LBN"]
[BlackTeamCountry "SYR"]
[TimeControl "40/5400+30:1800+30"]

1. e4 {(00:00)} c5 {(00:00)} 2. Nf3 {(00:00)} g6 {(
00:03)} 3. d4 {(00:18)} cxd4 {(00:07)} 4. Nxd4 {(00:06)}
Bg7 {(00:07)} 5. Nc3 {(00:25)} Nc6 {(00:16)} 6. Be3 {
(00:18)} d6 {(05:13)} 7. Qd2 {(01:42)} Nf6 {(01:15]
} 8. f3 {(01:25)} O-O {(00:54)} 9. O-O-O {(00:38)} d5 {
(01:36)} 10. Kb1 {(00:47)} Nxd4 {(07:00)} 11. e5 {(
01:33)} Nd7 {(06:59)} 12. Bxd4 {(02:13)} Nxe5 {(05:43)}
13. Qe3 {(22:49)} Nc6 {(03:21)} 14. Bxg7 {(01:01)} Kxg7 {
(00:08)} 15. Nxd5 {(05:17)} Qa5 {(03:48)} 16. b4 {(
06:39)} Qa4 {(10:34)} 17. b5 {(02:19)} e6 {(04:02)} 18.
Qc3+ {(20:11)} f6 {(00:29)} 19. Nc7 {(01:38)} Nb4 {
(19:32)} 20. a3 {(08:43)} Nd5 {(02:03)} 21. Nxd5 {(
03:09)} exd5 {(04:59)} 22. Rd4 {(00:33)} Qxd4 {(01:30)}
23. Qxd4 {(00:06)} Be6 {(05:34)} 24. Bd3 {(00:10)} 1-0

[Event "42nd Olympiad Baku 2016 Open"]
[Site "Baku"]
[Date "2016.09.05"]
[Round "4.21"]
[White "Elarbi, Abobker"]
[Black "Husbands, Orlando"]
[Result "1-0"]
[ECO "E06"]
[WhiteElo "2297"]
[BlackElo "2257"]
[Annotator ""]
[PlyCount "47"]
[EventDate "2016.??.??"]
[EventCountry "AZE"]
[SourceTitle "playchess.com"]
[Source "ChessBase"]
[WhiteTeam "Libya"]
[BlackTeam "Barbados"]
[WhiteTeamCountry "LBY"]
[BlackTeamCountry "BAR"]
[TimeControl "40/5400+30:1800+30"]

1. d4 {(00:00)} Nf6 {(00:00)} 2. c4 {(00:00)} e6 {(
00:00)} 3. g3 {(01:04)} d5 {(00:00)} 4. Nf3 {(00:36)} Be7
{(00:03)} 5. Bg2 {(00:55)} O-O {(00:03)} 6. O-O {(
01:12)} dxc4 {(00:07)} 7. Qa4 {(05:59)} a6 {(00:02)} 8.
Qxc4 {(00:17)} b5 {(00:02)} 9. Qc2 {(00:33)} Bb7 {(
00:04)} 10. Bf4 {(04:37)} Nc6 {(07:37)} 11. Rd1 {(05:25)}
Nb4 {(12:38)} 12. Qc1 {(01:09)} Nbd5 {(00:16)} 13. Nc3 {
(04:06)} Nxf4 {(17:39)} 14. Qxf4 {(02:06)} Qd6 {(
06:34)} 15. Ne5 {(04:36)} Bxg2 {(01:11)} 16. Kxg2 {(00:03]
} c5 {(08:56)} 17. dxc5 {(08:30)} Qxc5 {(00:01)} 18. Ne4 {
(00:17)} Nxe4 {(01:43)} 19. Qxe4 {(00:02)} Rfd8 {(
01:20)} 20. Rac1 {(01:30)} Qa7 {(03:43)} 21. Qf3 {(13:32)}
Bg5 {(00:46)} 22. e3 {(00:09)} Rxd1 {(11:48)} 23. Rxd1 {
(02:31)} Bf6 {(01:22)} 24. Nc6 {(01:18)} 1-0

[Event "42nd Olympiad Baku 2016 Open"]
[Site "Baku"]
[Date "2016.09.05"]
[Round "4.1"]
[White "Eljanov, Pavel"]
[Black "Kramnik, Vladimir"]
[Result "1/2-1/2"]
[ECO "D37"]
[WhiteElo "2739"]
[BlackElo "2808"]
[Annotator ""]
[PlyCount "115"]
[EventDate "2016.??.??"]
[EventCountry "AZE"]
[SourceTitle "playchess.com"]
[Source "ChessBase"]
[WhiteTeam "Ukraine"]
[BlackTeam "Russia"]
[WhiteTeamCountry "UKR"]
[BlackTeamCountry "RUS"]
[TimeControl "40/5400+30:1800+30"]

1. d4 {(00:00)} Nf6 {(00:00)} 2. c4 {(00:00)} e6 {(
00:00)} 3. Nf3 {(00:00)} d5 {(00:00)} 4. Nc3 {(01:06)} Be7
{(00:00)} 5. Bf4 {(01:03)} O-O {(01:04)} 6. e3 {(
00:15)} Nbd7 {(00:06)} 7. c5 {(01:30)} Nh5 {(02:51)} 8.
Bd3 {(02:19)} Nxf4 {(00:23)} 9. exf4 {(00:06)} b6 {
(00:09)} 10. b4 {(00:18)} a5 {(00:06)} 11. a3 {(00:
14)} c6 {(00:06)} 12. O-O {(00:24)} Ba6 {(00:04)} 13. Re1
{(16:03)} Bf6 {(00:32)} 14. Ne5 {(04:27)} Bxe5 {(
00:42)} 15. fxe5 {(00:08)} Bxd3 {(00:06)} 16. Qxd3 {(00:
04)} Ra7 {(00:17)} 17. Ne2 {(11:16)} Qa8 {(10:33)} 18. Qc3
{(00:35)} Rb8 {(04:56)} 19. h4 {(09:33)} h6 {(04:
47)} 20. Nf4 {(09:10)} axb4 {(06:51)} 21. axb4 {(00:04)}
bxc5 {(00:13)} 22. bxc5 {(00:38)} Rxa1 {(04:34)} 23. Rxa1
{(02:45)} Qb7 {(00:07)} 24. g3 {(07:30)} Nf8 {(02:
27)} 25. Kg2 {(01:02)} Ra8 {(11:13)} 26. Rxa8 {(07:09)}
Qxa8 {(00:13)} 27. Qb2 {(01:20)} Nd7 {(06:48)} 28. f3 {
(01:31)} Qa6 {(07:00)} 29. Kf2 {(01:26)} Kf8 {(05:
24)} 30. h5 {(04:22)} Kg8 {(07:48)} 31. g4 {(01:26)} Qa4 {
(04:43)} 32. Ne2 {(00:52)} Qa6 {(00:47)} 33. Qb1 {(
02:46)} Qa8 {(01:08)} 34. Qb3 {(08:25)} Qa7 {(03:23)} 35.
Qb4 {(02:25)} Qa6 {(01:27)} 36. Ke3 {(00:46)} Qa8 {
(01:42)} 37. Qb2 {(00:41)} Qa7 {(04:47)} 38. Qb4 {(
03:47)} Qa8 {(00:22)} 39. Nf4 {(01:10)} Qa1 {(03:10)} 40.
Kf2 {(00:00)} Qa8 {(00:00)} 41. Nd3 {(04:26)} Qa6 {
(10:01)} 42. Ke3 {(01:27)} Kf8 {(05:29)} 43. Qb2 {(
02:36)} Kg8 {(02:18)} 44. f4 {(04:44)} Qa8 {(01:04)} 45.
g5 {(01:15)} hxg5 {(05:44)} 46. fxg5 {(00:03)} Nf8 {
(00:38)} 47. Ne1 {(05:03)} Nd7 {(03:24)} 48. Nf3 {(
00:37)} Qa7 {(00:22)} 49. Kf4 {(02:55)} Qa8 {(00:16)} 50.
Qb1 {(01:27)} Qa7 {(00:35)} 51. Kg3 {(01:54)} Qa8 {
(02:09)} 52. Kg4 {(00:51)} Qa6 {(04:54)} 53. Kg3 {(
01:47)} Qa8 {(00:10)} 54. Qb3 {(02:07)} Qa7 {(00:56)} 55.
Kg4 {(02:13)} Qa8 {(00:16)} 56. Qb1 {(01:13)} Qa6 {
(02:40)} 57. Kg3 {(01:12)} Qa8 {(00:14)} 58. Kg4 {(
00:33)} 1/2-1/2

[Event "42nd Olympiad Baku 2016 Open"]
[Site "Baku"]
[Date "2016.09.05"]
[Round "4.5"]
[White "Elliott, Warren"]
[Black "Kigigha, Bomo"]
[Result "1-0"]
[ECO "D35"]
[WhiteElo "2238"]
[BlackElo "2340"]
[Annotator ""]
[PlyCount "61"]
[EventDate "2016.??.??"]
[EventCountry "AZE"]
[SourceTitle "playchess.com"]
[Source "ChessBase"]
[WhiteTeam "Jamaica"]
[BlackTeam "Nigeria"]
[WhiteTeamCountry "JAM"]
[BlackTeamCountry "NGR"]
[TimeControl "40/5400+30:1800+30"]

1. d4 {(00:00)} d5 {(00:00)} 2. c4 {(00:00)} e6 {(
00:00)} 3. Nc3 {(00:17)} Nf6 {(00:20)} 4. cxd5 {(00:58)}
exd5 {(00:05)} 5. Bg5 {(00:18)} Be7 {(00:07)} 6. e3 {
(00:36)} O-O {(00:08)} 7. Bd3 {(00:59)} c6 {(01:05]
} 8. Qc2 {(00:41)} Nbd7 {(00:52)} 9. Nf3 {(01:01)} Re8 {
(00:14)} 10. O-O {(00:19)} Nf8 {(02:01)} 11. h3 {(
00:55)} Ne4 {(02:29)} 12. Bf4 {(04:30)} f5 {(04:48)} 13.
Ne5 {(05:12)} Bg5 {(09:05)} 14. Bh2 {(17:08)} Qf6 {
(11:44)} 15. f4 {(06:37)} Bh6 {(00:41)} 16. Bxe4 {(
00:27)} dxe4 {(31:18)} 17. g4 {(02:54)} g6 {(00:05)} 18.
g5 {(04:41)} Bxg5 {(00:31)} 19. fxg5 {(00:06)} Qxg5+ {
(00:03)} 20. Kf2 {(02:22)} Qh6 {(02:25)} 21. Bf4 {(
05:05)} Qh4+ {(01:31)} 22. Bg3 {(01:16)} Qh6 {(00:09)} 23.
h4 {(07:37)} Qg7 {(05:55)} 24. Rg1 {(02:07)} Ne6 {(
04:40)} 25. Ne2 {(00:33)} Qe7 {(01:49)} 26. Rh1 {(03:04)}
Ng7 {(04:56)} 27. Nf4 {(01:19)} Be6 {(00:18)} 28. Rag1 {
(01:31)} Rad8 {(01:01)} 29. h5 {(02:17)} g5 {(09:
54)} 30. h6 {(00:31)} Bf7 {(00:17)} 31. Bh4 {(01:44)} 1-0

[Event "42nd Olympiad Baku 2016 Open"]
[Site "Baku"]
[Date "2016.09.05"]
[Round "4.8"]
[White "Emuakpeje, Ochuko"]
[Black "Wilson, Brandon"]
[Result "0-1"]
[ECO "A57"]
[WhiteElo "2272"]
[BlackElo "2074"]
[Annotator ""]
[PlyCount "66"]
[EventDate "2016.??.??"]
[EventCountry "AZE"]
[SourceTitle "playchess.com"]
[Source "ChessBase"]
[WhiteTeam "Nigeria"]
[BlackTeam "Jamaica"]
[WhiteTeamCountry "NGR"]
[BlackTeamCountry "JAM"]
[TimeControl "40/5400+30:1800+30"]

1. d4 {(00:00)} Nf6 {(00:00)} 2. c4 {(00:00)} c5 {(
00:00)} 3. d5 {(00:36)} b5 {(00:00)} 4. cxb5 {(00:57)} a6
{(00:03)} 5. e3 {(02:55)} g6 {(00:30)} 6. Nc3 {(00:
55)} d6 {(00:14)} 7. a4 {(01:03)} Bg7 {(00:06)} 8. Nf3 {
(01:01)} O-O {(00:07)} 9. Ra3 {(02:47)} Bb7 {(00:
22)} 10. Bc4 {(03:21)} axb5 {(01:08)} 11. Bxb5 {(00:33)}
Na6 {(00:36)} 12. O-O {(01:24)} Nc7 {(00:18)} 13. Bc4 {
(02:35)} e6 {(00:46)} 14. e4 {(07:29)} Nxe4 {(00:
19)} 15. Nxe4 {(07:10)} exd5 {(00:10)} 16. Bg5 {(11:33)}
Qd7 {(08:57)} 17. Nf6+ {(21:35)} Bxf6 {(00:17)} 18. Bxf6 {
(00:05)} dxc4 {(04:03)} 19. Re1 {(08:59)} Nd5 {(03:
53)} 20. Bg5 {(00:29)} Rfe8 {(02:50)} 21. Rxe8+ {(03:54)}
Qxe8 {(02:50)} 22. Bh6 {(01:14)} Qe4 {(10:37)} 23. h3 {
(04:36)} Bc6 {(04:09)} 24. a5 {(04:14)} Rb8 {(04:
18)} 25. a6 {(05:46)} Rxb2 {(02:59)} 26. a7 {(00:12)} Ba8
{(01:29)} 27. Re3 {(02:23)} Nxe3 {(00:57)} 28. Qxd6 {
(00:12)} Rb1+ {(00:11)} 29. Kh2 {(00:06)} Nf1+ {(
00:58)} 30. Kg1 {(01:23)} Nd2+ {(00:17)} 31. Kh2 {(03:03)}
Nxf3+ {(00:25)} 32. gxf3 {(00:17)} Rh1+ {(00:10)} 33. Kxh1
{(02:33)} Qxf3+ {(00:14)} 0-1

[Event "42nd Olympiad Baku 2016 Open"]
[Site "Baku"]
[Date "2016.09.05"]
[Round "4.35"]
[White "Ermeni, Avni"]
[Black "Cofre Archibold, Nestor"]
[Result "1/2-1/2"]
[ECO "A46"]
[WhiteElo "2270"]
[BlackElo "2255"]
[Annotator ""]
[PlyCount "83"]
[EventDate "2016.??.??"]
[EventCountry "AZE"]
[SourceTitle "playchess.com"]
[Source "ChessBase"]
[WhiteTeam "Kosovo"]
[BlackTeam "Mexico"]
[WhiteTeamCountry "KOS"]
[BlackTeamCountry "MEX"]
[TimeControl "40/5400+30:1800+30"]

1. d4 {(00:00)} Nf6 {(00:00)} 2. Nf3 {(00:00)} c5 {
(00:01)} 3. g3 {(00:23)} g6 {(01:31)} 4. c4 {(00:
20)} Bg7 {(00:08)} 5. Bg2 {(00:05)} O-O {(00:16)} 6. O-O {
(00:04)} cxd4 {(00:05)} 7. Nxd4 {(00:04)} Nc6 {(00:
07)} 8. Nc3 {(00:48)} Nxd4 {(00:04)} 9. Qxd4 {(00:08)} d6
{(00:03)} 10. Qd3 {(00:52)} a6 {(00:24)} 11. e4 {(
07:31)} Be6 {(02:12)} 12. b3 {(01:46)} Rb8 {(05:53)} 13.
Bd2 {(08:18)} Nd7 {(02:24)} 14. Rac1 {(03:08)} b5 {
(00:35)} 15. cxb5 {(01:50)} axb5 {(00:05)} 16. Nd5 {
(02:27)} Ne5 {(09:58)} 17. Qe2 {(02:21)} Bxd5 {(12:
24)} 18. exd5 {(00:21)} Rb7 {(04:34)} 19. Rfe1 {(04:55)}
Qb6 {(07:11)} 20. Be3 {(07:08)} Qa5 {(01:09)} 21. Rc2 {
(05:52)} b4 {(11:10)} 22. Bd2 {(06:45)} Qb6 {(07:
46)} 23. Kh1 {(07:23)} h5 {(03:58)} 24. h3 {(05:11)} Bf6 {
(07:25)} 25. f4 {(08:17)} Nd7 {(00:12)} 26. Rc6 {(
00:33)} Qb5 {(03:41)} 27. Qxb5 {(05:36)} Rxb5 {(00:08)}
28. g4 {(00:05)} hxg4 {(00:32)} 29. hxg4 {(00:06)} Kg7 {
(14:08)} 30. g5 {(03:44)} Bd4 {(00:05)} 31. Bf1 {(
06:15)} Rxd5 {(01:29)} 32. Rxe7 {(01:02)} Bc5 {(02:18)}
33. Rxd7 {(05:50)} Rh8+ {(00:28)} 34. Kg2 {(01:26)} Rxd2+
{(00:05)} 35. Kg3 {(00:09)} Rh1 {(04:22)} 36. Rxc5 {
(03:11)} Rg1+ {(00:31)} 37. Kf3 {(01:46)} Rxf1+ {(
00:07)} 38. Ke3 {(00:04)} Rfd1 {(00:56)} 39. Rcc7 {(01:40]
} Rd3+ {(00:08)} 40. Ke4 {(00:00)} Rd4+ {(00:00)} 41. Ke3
{(01:38)} R1d3+ {(05:37)} 42. Ke2 {(00:28)} 1/2-1/2

[Event "42nd Olympiad Baku 2016 Open"]
[Site "Baku"]
[Date "2016.09.05"]
[Round "4.18"]
[White "Espirito Santo, Waldyr"]
[Black "Nanjo, Ryosuke"]
[Result "1-0"]
[ECO "B84"]
[WhiteElo "1915"]
[BlackElo "2340"]
[Annotator ""]
[PlyCount "71"]
[EventDate "2016.??.??"]
[EventCountry "AZE"]
[SourceTitle "playchess.com"]
[Source "ChessBase"]
[WhiteTeam "STP"]
[BlackTeam "Japan"]
[BlackTeamCountry "JPN"]
[TimeControl "40/5400+30:1800+30"]

1. e4 {(00:00)} c5 {(00:00)} 2. Nf3 {(00:00)} d6 {(
00:00)} 3. d4 {(00:07)} cxd4 {(00:00)} 4. Nxd4 {(00:03)}
Nf6 {(00:00)} 5. Nc3 {(00:46)} a6 {(00:00)} 6. Be2 {
(01:20)} e6 {(00:00)} 7. Bg5 {(01:41)} Be7 {(00:22]
} 8. Qd2 {(00:30)} Qc7 {(06:10)} 9. O-O-O {(03:20)} Nbd7 {
(00:56)} 10. f4 {(02:24)} O-O {(05:31)} 11. g4 {(
00:49)} b5 {(00:27)} 12. Bf3 {(02:20)} b4 {(01:03)} 13.
Nce2 {(00:31)} Bb7 {(05:33)} 14. Qe3 {(02:18)} Rfc8 {
(03:33)} 15. Rd2 {(02:28)} Nb6 {(08:39)} 16. b3 {(
04:31)} Qc5 {(03:30)} 17. h4 {(04:07)} a5 {(01:30)} 18.
Bxf6 {(02:20)} Bxf6 {(00:07)} 19. g5 {(00:17)} Be7 {
(00:58)} 20. h5 {(05:59)} a4 {(02:33)} 21. Kb1 {(
01:16)} Qa5 {(10:54)} 22. g6 {(04:50)} axb3 {(21:16)} 23.
gxf7+ {(01:15)} Kh8 {(03:28)} 24. cxb3 {(02:22)} e5 {
(01:13)} 25. Nf5 {(09:34)} Bf6 {(02:24)} 26. Nxd6 {
(02:23)} Rc7 {(00:37)} 27. Rhd1 {(06:57)} Rf8 {(03:
01)} 28. f5 {(05:56)} Ba6 {(01:59)} 29. h6 {(04:24)} Bxe2
{(05:03)} 30. hxg7+ {(05:05)} Bxg7 {(00:04)} 31. Bxe2 {
(01:05)} Rc3 {(01:24)} 32. Qg5 {(03:34)} Rxb3+ {(
02:24)} 33. axb3 {(02:03)} Ra8 {(00:07)} 34. Rb2 {(04:27)}
Na4 {(00:38)} 35. f6 {(03:35)} Nc3+ {(00:18)} 36. Kc2 {
(00:48)} 1-0